 Dungeon Crawl Stone Soup version 0.29.0-13-gc9e81de378 (webtiles) character file.

Game seed: 8975697081467060435

2212 robertstho the Grappler (level 9, -1/70 HPs)
             Began as a Vine Stalker Berserker on Sept 7, 2022.
             Was a Priest of Trog.
             Killed by nerve-wracking pain
             ... invoked by an orc priest
              (7 damage)
             ... on level 7 of the Dungeon.
             The game lasted 00:07:03 (5783 turns).

robertstho the Grappler (Vine Stalker Berserker)    Turns: 5783, Time: 00:07:04

Health: -1/70      AC: 15    Str: 23    XL:     9   Next: 35%
Magic:  0/10       EV:  8    Int:  7    God:    Trog [***...]
Gold:   294        SH:  4    Dex: 15    Spells: 8/8 levels left

rFire   . . .      SeeInvis .     - Unarmed
rCold   . . .      Faith    .   e - +0 buckler
rNeg    . . .      Spirit   +   i - +0 chain mail
rPois   .          Reflect  .   (no helmet)
rElec   .          Harm     .   z - +1 cloak
rCorr   .          Rampage  .   h - +0 pair of gloves
Will    ++...                   B - +0 pair of boots
Stlth   ..........              (no amulet)
HPRegen 1.01/turn               l - ring of willpower
MPRegen 0.12/turn               (no ring)

@: berserking, very quick
A: fangs 3, regeneration 1, magic shield, antimagic bite, no potion heal 2
a: Renounce Religion, Berserk, Trog's Hand


You were on level 7 of the Dungeon.
You worshipped Trog.
Trog was most pleased with you.
You visited 1 branch of the dungeon, and saw 7 of its levels.

You collected 363 gold pieces.
You spent 69 gold pieces at shops.

Inventory:

Armour
 e - a +0 buckler (worn)
 h - a +0 pair of gloves (worn)
 i - a +0 chain mail (worn)
 z - a +1 cloak (worn)
 B - a +0 pair of boots (worn)
Jewellery
 l - a ring of willpower (left hand)
Wands
 m - a wand of flame (11)
 A - a wand of iceblast (7)
Scrolls
 f - a scroll of poison
 g - 3 scrolls of noise {unknown}
 j - a scroll of enchant weapon {unknown}
 n - 3 scrolls of vulnerability {unknown}
 p - a scroll of teleportation {unknown}
 q - 2 scrolls of magic mapping {unknown}
 s - 4 scrolls of fog {unknown}
 x - a scroll of blinking {unknown}
 y - a scroll of enchant armour {unknown}
 C - a scroll of identify
Potions
 a - 2 potions of cancellation
 b - 4 potions of might {unknown}
 c - a potion of ambrosia {unknown}
 d - 4 potions of curing {unknown}
 k - a potion of flight {unknown}
 o - 2 potions of heal wounds {unknown}
 r - a potion of mutation {unknown}
 t - 3 potions of invisibility {unknown}
 u - 5 potions of attraction {unknown}
 v - a potion of lignification {unknown}
 w - 2 potions of haste {unknown}


   Skills:
 * Level 5.3 Fighting
 * Level 6.4 Armour
 + Level 2.1 Dodging
 + Level 1.1 Stealth
 + Level 0.5 Shields
 + Level 8.2 Unarmed Combat


You had 8 spell levels left.
You didn't know any spells.
Your spell library was empty.

Dungeon Overview and Level Annotations

Branches:
Dungeon (7/15)             Temple (0/1) D:5

Altars:
Ashenzari
Dithmenos
Elyvilon
Gozag
Ru
Sif Muna
Uskayaw
Vehumet
Xom
Zin
The Shining One

Shops:
D:2 *

Annotations:
D:1 2 transporters


Innate Abilities, Weirdness & Mutations

You have razor-sharp teeth.
Your natural rate of healing is unusually fast.
When hurt, damage is shared between your health and your magic reserves.
Your bite disrupts and absorbs the magic of your enemies.
Potions cannot restore your health.


Message History

You open the door.
There is an open door here.
An orc warrior comes into view. It is wielding a +0 halberd.
An orc warrior is nearby!
An orc warrior is nearby!
An orc warrior is nearby!
An orc warrior is nearby!
The orc warrior shouts!
You hear a shout!
An orc comes into view. It is wielding a +0 short sword.
The orc shouts!
An orc priest comes into view. It is wielding a +0 short sword.
The orc warrior unwields a +0 halberd.
The orc warrior wields a +0 arbalest.
The orc warrior shoots a bolt.
The bolt hits you!!
An orc wizard comes into view. It is wielding a +0 dagger.
The orc wizard shouts!
The orc warrior shoots a bolt.
The bolt hits you!
You hear a shout!
The orc warrior unwields a +0 arbalest.
The orc warrior wields a +0 halberd.
The orc warrior hits you with a +0 halberd!
An orc comes into view. It is wielding a +0 club.
A red film seems to cover your vision as you go berserk!
You feel yourself moving faster!
You feel mighty!
The orc warrior hits you with a +0 halberd!
* * * LOW HITPOINT WARNING * * *
You block the orc's attack.
The orc priest hits you with a +0 short sword.
* * * LOW HITPOINT WARNING * * *
You barely miss the orc.
The orc warrior hits you with a +0 halberd!
* * * LOW HITPOINT WARNING * * *
You barely miss the orc. The orc hits you but does no damage.
The orc priest misses you. You block the orc wizard's attack.
You barely miss the orc. You bite the orc!
You kill the orc!
Trog accepts your kill.
You punch the orc warrior! Your bite misses the orc warrior.
The orc warrior is moderately wounded.
The orc priest calls down the wrath of Beogh upon you.
Pain shoots through your body!
You die...

#####......# ≈≈##...).######...#
#.......#≈≈≈≈#.....#...<#.#.##
#.......##≈≈##.#.....###.....#
#.......######.#.##..###.^^^.#
#.#<###........#.##......^_^.#
###.#............#.##......^^..#
#................o.............>
#.###..#####..oo.#.##..#.....##.
#......#≈≈≈#...@o#.##..#..#..# .
#####...#≈≈≈#.....#.##..#.....#
# #...#≈≈≈#...).#.##.#######..
######..#####.....#.##.# .#
..................#.##.#
..................#.##.#
.............#.......
...################## ...#


You could see an orc warrior, an orc priest, an orc wizard and an orc.

Vanquished Creatures
  A wyvern (D:7)
  Duvessa (D:6)
  2 ice beasts
  A black bear (D:6)
  A sky beast (D:7)
  5 ogres
  2 phantoms
  2 bullfrogs
  A gnoll sergeant (D:6)
  3 scorpions
  Dowan (D:6)
  A jelly (D:5)
  An orc priest (D:6)
  3 hounds
  A gnoll bouda (D:6)
  3 iguanas
  5 orc wizards
  4 gnolls
  6 adders
  3 shadow imps
  3 white imps
  2 ufetubi (D:4)
  A dart slug (D:2)
  A worm (D:2)
  11 orcs
  6 ball pythons
  8 endoplasms
  2 giant cockroaches
  9 goblins
  4 hobgoblins
  14 jackals
  8 kobolds
  3 quokkas
  5 bats
  3 frilled lizards
  5 rats
132 creatures vanquished.

Vanquished Creatures (others)
  13 plants (D:6)
13 creatures vanquished.

Grand Total: 145 creatures vanquished

Notes
Turn   | Place    | Note
-------+----------+-------------------------------------------
     0 | D:1      | robertstho the Vine Stalker Berserker began the quest for
                  | the Orb.
     0 | D:1      | Reached XP level 1. HP: 11/11 MP: 2/2
   253 | D:1      | Found a faded altar of an unknown god.
   317 | D:1      | Reached XP level 2. HP: 16/16 MP: 3/3
   873 | D:2      | Reached XP level 3. HP: 19/20 MP: 2/4
  1556 | D:2      | Reached ** piety under Trog
  1641 | D:2      | Gained mutation: Your natural rate of healing is unusually
                  | fast. [Vine Stalker growth]
  1641 | D:2      | Reached XP level 4. HP: 22/24 MP: 5/5
  1855 | D:2      | Found Nyatitz's Assorted Antiques.
  1859 | D:2      | Bought a pink potion for 21 gold pieces
  1859 | D:2      | Bought a scroll labelled QOXAKO HEFURPHI for 24 gold pieces
  1859 | D:2      | Bought a scroll labelled TAEHI KYIRATO for 24 gold pieces
  2320 | D:3      | Found a hide-covered altar of Uskayaw.
  2693 | D:3      | Found a shimmering blue altar of Sif Muna.
  3012 | D:4      | Noticed a phantom
  3028 | D:4      | Killed a phantom
  3029 | D:4      | Reached skill level 4 in Unarmed Combat
  3029 | D:4      | Reached XP level 5. HP: 29/29 MP: 6/6
  3073 | D:4      | Reached XP level 6. HP: 25/33 MP: 4/7
  3462 | D:4      | Reached *** piety under Trog
  3564 | D:4      | Found a glowing silver altar of Zin.
  3564 | D:4      | Found a glowing golden altar of the Shining One.
  3564 | D:4      | Found a white marble altar of Elyvilon.
  3594 | D:4      | Found a shadowy altar of Dithmenos.
  3959 | D:5      | Entered Level 5 of the Dungeon
  4001 | D:5      | Reached skill level 5 in Unarmed Combat
  4036 | D:5      | Noticed an ice beast
  4042 | D:5      | Reached XP level 7. HP: 36/37 MP: 5/8
  4049 | D:5      | Reached skill level 1 in Stealth
  4172 | D:5      | Found a radiant altar of Vehumet.
  4172 | D:5      | Found a sacrificial altar of Ru.
  4410 | D:5      | Found a staircase to the Ecumenical Temple.
  4530 | D:6      | Found a broken altar of Ashenzari.
  4588 | D:6      | Reached skill level 6 in Unarmed Combat
  4593 | D:6      | Gained mutation: You have razor-sharp teeth. [Vine Stalker
                  | growth]
  4593 | D:6      | Reached XP level 8. HP: 30/42 MP: 5/9
  4652 | D:6      | Noticed Duvessa
  4653 | D:6      | Noticed Dowan
  4717 | D:6      | Reached skill level 5 in Armour
  5030 | D:6      | Reached skill level 7 in Unarmed Combat
  5138 | D:6      | Reached skill level 5 in Fighting
  5383 | D:6      | Killed Duvessa
  5385 | D:6      | Killed Dowan
  5386 | D:6      | Reached XP level 9. HP: 47/47 MP: 10/10
  5495 | D:7      | Found a shimmering altar of Xom.
  5532 | D:7      | Identified the +0 robe of Youthful Indiscretion {rC+ Int-5
                  | Slay+5}
  5613 | D:7      | Reached skill level 8 in Unarmed Combat
  5687 | D:7      | Found an opulent altar of Gozag.
  5783 | D:7      | Killed from afar by an orc priest

Illustrated notes

Levels and vault maps discovered:
D:1:      spicycebolla_arrival_transporter_tutorial, layout_rooms,
          dreamdust_ecumenical_altar_grove
D:2:      layout_loops_corners, serial_shops, nicolae_shop_stone,
          minmay_split_cup_large
D:3:      layout_loops_corners, lemuel_round_altar,
          mainiacjoe_overflow_alcove_2, corexii_leaking_fountain, st_stairs_13,
          hex_large, kennysheep_donut, minmay_between
D:4:      layout_basic, dreamdust_divine_triumvirate,
          grunt_dithmenos_smoke_and_mirrors
D:5:      layout_gridville, gammafunk_temple_overflow_pools, temple_green
D:6:      layout_loops_ring, ashenzari_altar_1, nicolae_grassy_gnolls,
          uniq_duvessa
D:7:      layout_basic, xom_teletrap_fun, grunt_gozag_statues, serial_aquarium,
          aquarium_bridge_square [aquarium_subvault_bridge,
          aquarium_subvault_wall, aquarium_subvault_wall,
          aquarium_subvault_window], aquarium_window_fake, aquarium_window_fake,
          aquarium_view_2d, aquarium_balcony_3a, aquarium_pool_2,
          uniq_crazy_yiuf_cottage, uniq_maggie

Skill      XL: |  1  2  3  4  5  6  7  8  9 |
---------------+----------------------------+-----
Fighting       | 3 4 5 |  5.3
Armour         | 2 3 4 6 |  6.4
Unarmed Combat | 4 5 6 7 8 |  8.2
Dodging        | 2 |  2.1
Stealth        | 1 |  1.1
Shields        | |  0.5

Action                   |  1- 3 |  4- 6 |  7- 9 || total
-------------------------+-------+-------+-------++-------
Melee: Unarmed           |   102 |   185 |   212 ||   499
       Bite              |    19 |    37 |    60 ||   116
       Punch             |     2 |     5 |     1 ||     8
Invok: Berserk           |     1 |     3 |     4 ||     8
  Use: Scroll            |       |     4 |       ||     4
 Stab: Sleeping          |     1 |       |       ||     1
Armor: Animal skin       |     4 |       |       ||     4
       Ring mail         |    55 |     6 |       ||    61
       Chain mail        |       |   104 |   102 ||   206
Dodge: Dodged            |    45 |    71 |    52 ||   168
Block: Buckler           |       |       |    15 ||    15
